A - U25
WEST VIRGINIA POWER @ HAGERSTOWN SUNS
07/29/2059
 
TOP OF THE 1ST
Rome Braves batting - Pitching for Lexington Legends : RHP Andreas Klement
Pitching: RHP Andreas Klement
Batting: RHB Herb Littlefield 0-0: Ball
1-0: Fly out, F7 (Flyball, 7, EV 75.0 MPH)
Batting: RHB J.C. Ortiz 0-0: Ball
1-0: Ball
2-0: Ground out 6-3 (Groundball, 6S, EV 86.9 MPH)
Batting: LHB Bernardo García 0-0: Foul Ball, location: 2F
0-1: Foul Ball, location: 9LMF
0-2: Ball
1-2: Foul Ball, location: 2LF
1-2: Ball
2-2: Strikes out swinging
Top of the 1st over - 0 runs, 0 hits, 0 errors, 0 left on base; Rome 0 - Lexington 0
BOTTOM OF THE 1ST
Lexington Legends batting - Pitching for Rome Braves : LHP Jordan Van Zant
Pitching: LHP Jordan Van Zant
Batting: RHB Kyle Naatz 0-0: Called Strike
0-1: Ball
1-1: Foul Ball, location: 7LMF
1-2: Ground out 2-3 (Groundball, 13S, EV 68.8 MPH)
Batting: RHB Jeb Holloway 0-0: Ball
1-0: Ground out 1-3 (Groundball, 34S, EV 62.5 MPH)
Batting: RHB Mark Krone 0-0: Called Strike
0-1: Ball
1-1: Ball
2-1: Fly out, F7 (Line Drive, 7S, EV 103.8 MPH)
Bottom of the 1st over - 0 runs, 0 hits, 0 errors, 0 left on base; Rome 0 - Lexington 0
TOP OF THE 2ND
Rome Braves batting - Pitching for Lexington Legends : RHP Andreas Klement
Batting: RHB Dennys Estrada 0-0: Ball
1-0: Ground out 5-3 (Groundball, 56, EV 95.0 MPH)
Batting: RHB Leo Montejano 0-0: Ball
1-0: Ground out 6-3 (Groundball, 6D, EV 84.4 MPH)
Batting: RHB Evan Dawson 0-0: Ball
1-0: Called Strike
1-1: Called Strike
1-2: Ball
2-2: Ball
3-2: Strikes out looking
Top of the 2nd over - 0 runs, 0 hits, 0 errors, 0 left on base; Rome 0 - Lexington 0
BOTTOM OF THE 2ND
Lexington Legends batting - Pitching for Rome Braves : LHP Jordan Van Zant
Batting: RHB Gilbert Williams 0-0: SINGLE (Line Drive, 4MD, EV 99.4 MPH)
Batting: RHB Adriel Belanger 0-0: Ball
1-0: Ball
2-0: Ball
3-0: Called Strike
3-1: Base on Balls
Gilbert Williams to second
Batting: RHB Matthew Kowski 0-0: Called Strike
0-1: Ball
1-1: Ball
2-1: Foul Ball, location: 2RF
2-2: Foul Ball, location: 2F
2-2: Ball
3-2: Base on Balls
Gilbert Williams to third
Adriel Belanger to second
Batting: RHB Tucker Catalano 0-0: Ball
1-0: Fly out, F8 (Flyball, 8RD, EV 98.8 MPH)
Runner from 3rd tags up, SCORES, no throw by CF
Batting: LHB Adley Greenburg 0-0: Called Strike
0-1: Foul Ball, location: 2F
0-2: Strikes out swinging
Batting: LHB Dolfos Solis 0-0: Ball
1-0: Called Strike
1-1: Ball
2-1: Foul Ball, location: 25F
2-2: Strikes out swinging
Bottom of the 2nd over - 1 run, 1 hit, 0 errors, 2 left on base; Rome 0 - Lexington 1
TOP OF THE 3RD
Rome Braves batting - Pitching for Lexington Legends : RHP Andreas Klement
Batting: RHB Roberto Zambrano 0-0: Ball
1-0: Called Strike
1-1: Foul Ball, location: 3FF
1-2: Ball
2-2: Strikes out swinging
Batting: RHB Zacarias Lozano 0-0: Ball
1-0: Ball
2-0: Called Strike
2-1: Fly out, F7 (Flyball, 78M, EV 82.5 MPH)
Batting: SHB Derick Mohon 0-0: Ball
1-0: Ground out 4-3 (Groundball, 34D, EV 94.4 MPH)
Top of the 3rd over - 0 runs, 0 hits, 0 errors, 0 left on base; Rome 0 - Lexington 1
BOTTOM OF THE 3RD
Lexington Legends batting - Pitching for Rome Braves : LHP Jordan Van Zant
Batting: RHB Kyle Naatz 0-0: Ball
1-0: Called Strike
1-1: SINGLE (Line Drive, 8RS, EV 101.9 MPH)
Batting: RHB Jeb Holloway 0-0: Sac Bunt to 23 - play at first, batter OUT! 3-4
Kyle Naatz to second
Batting: RHB Mark Krone 0-0: Called Strike
0-1: SINGLE (Groundball, 3D, EV 105.0 MPH)
Kyle Naatz to third
Runner from 3rd tries for Home, SAFE, throw by RF to home
Batting: RHB Gilbert Williams 0-0: Ball
1-0: Ball
2-0: Ball
3-0: Base on Balls
Mark Krone to second
Batting: RHB Adriel Belanger 0-0: Foul Ball, location: 23FF
0-1: Foul Ball, location: 2F
0-2: Fly out, F9 (Flyball, 9D, EV 103.8 MPH)
Runner from 2nd tags up, SAFE at 3rd, no throw by RF
Batting: RHB Matthew Kowski 0-0: Foul Ball, location: 5DF
0-1: Swinging Strike
0-2: Strikes out swinging
Bottom of the 3rd over - 1 run, 2 hits, 0 errors, 2 left on base; Rome 0 - Lexington 2
TOP OF THE 4TH
Rome Braves batting - Pitching for Lexington Legends : RHP Andreas Klement
Batting: RHB Herb Littlefield 0-0: Foul Ball, location: 23FF
0-1: Ball
1-1: Ball
2-1: Ground out 6-3 (Groundball, 6, EV 100.0 MPH)
Batting: RHB J.C. Ortiz 0-0: Foul Ball, location: 2F
0-1: Ball
1-1: Foul Ball, location: 2F
1-2: Foul Ball, location: 5F
1-2: Strikes out swinging
Batting: LHB Bernardo García 0-0: Ball
1-0: Ball
2-0: Ball
3-0: Base on Balls
Batting: RHB Dennys Estrada 0-0: Ball
1-0: Ball
Passed Ball!
Bernardo García to second
2-0: Ball
3-0: Called Strike
3-1: Called Strike
3-2: Foul Ball, location: 2F
3-2: Foul Ball, location: 2F
3-2: Strikes out swinging
Top of the 4th over - 0 runs, 0 hits, 0 errors, 1 left on base; Rome 0 - Lexington 2
BOTTOM OF THE 4TH
Lexington Legends batting - Pitching for Rome Braves : LHP Jordan Van Zant
Batting: RHB Tucker Catalano 0-0: SINGLE (Flyball, 8RS, EV 92.5 MPH)
Batting: LHB Adley Greenburg 0-0: SINGLE (Flyball, 89S, EV 84.4 MPH)
Tucker Catalano to second
Batting: LHB Dolfos Solis 0-0: Sac Bunt to 25 - play at first, batter OUT! 5-3
Tucker Catalano to third
Adley Greenburg to second
Batting: RHB Kyle Naatz 0-0: Ball
1-0: Fly out, F8 (Line Drive, 8RD, EV 91.3 MPH)
Runner from 3rd tags up, SCORES, throw by CF
Adley Greenburg to third
Batting: RHB Jeb Holloway 0-0: Ball
1-0: Ball
2-0: Ball
3-0: Base on Balls
Batting: RHB Mark Krone 0-0: Ball
1-0: Ball
2-0: Ball
3-0: Base on Balls
Jeb Holloway to second
Batting: RHB Gilbert Williams 0-0: SINGLE (Groundball, 6MS, EV 87.5 MPH)
Adley Greenburg scores
Jeb Holloway to third
Mark Krone to second
Runner from 3rd tries for Home, SAFE, throw by CF to home
Pitching: RHP Kit McFadden
Batting: RHB Adriel Belanger 0-0: SINGLE (Groundball, 56D, EV 97.5 MPH)
Mark Krone to third
Gilbert Williams to second
Runner from 3rd tries for Home, SAFE, throw by LF to home
Batting: RHB Matthew Kowski 0-0: SINGLE (Line Drive, 89S, EV 103.1 MPH)
Gilbert Williams to third
Adriel Belanger to second
Runner from 3rd tries for Home, SAFE, throw by RF to home
Batting: RHB Tucker Catalano 0-0: Foul Ball, location: 2F
0-1: Swinging Strike
0-2: Fielders Choice at 2nd, 6-4 (Groundball, 6, EV 83.8 MPH)
Bottom of the 4th over - 5 runs, 5 hits, 0 errors, 2 left on base; Rome 0 - Lexington 7
TOP OF THE 5TH
Rome Braves batting - Pitching for Lexington Legends : RHP Andreas Klement
Batting: RHB Leo Montejano 0-0: Ball
1-0: Ground out 6-3 (Groundball, 6, EV 83.1 MPH)
Batting: RHB Evan Dawson 0-0: Called Strike
0-1: Swinging Strike
0-2: Reached on error, E5 (Groundball, 56S, EV 90.0 MPH)
Batting: RHB Roberto Zambrano 0-0: Ball
1-0: Foul Ball, location: 2F
1-1: Ball
2-1: Called Strike
2-2: Ball
3-2: Strikes out swinging
Evan Dawson is caught stealing 2nd base 2-4
Batter strikes out.
Top of the 5th over - 0 runs, 0 hits, 1 error, 0 left on base; Rome 0 - Lexington 7
BOTTOM OF THE 5TH
Lexington Legends batting - Pitching for Rome Braves : RHP Kit McFadden
Batting: LHB Adley Greenburg 0-0: Called Strike
0-1: Ball
1-1: Called Strike
1-2: Foul Ball, location: 3F
1-2: Strikes out swinging
Batting: LHB Dolfos Solis 0-0: Ball
1-0: Foul Ball, location: 2F
1-1: Ball
2-1: Ball
3-1: Swinging Strike
3-2: Base on Balls
Batting: RHB Kyle Naatz 0-0: Called Strike
0-1: Ball
1-1: Hit by Pitch
Dolfos Solis to second
Batting: RHB Jeb Holloway 0-0: Called Strike
0-1: Grounds into double play, 1-6-3 (Groundball, 34S, EV 65.6 MPH)
Bottom of the 5th over - 0 runs, 0 hits, 0 errors, 1 left on base; Rome 0 - Lexington 7
TOP OF THE 6TH
Rome Braves batting - Pitching for Lexington Legends : RHP Andreas Klement
Batting: RHB Zacarias Lozano 0-0: Swinging Strike
0-1: Foul Ball, location: 5F
0-2: Foul Ball, location: 7LMF
0-2: Foul Ball, location: 2LF
0-2: Hit by Pitch
Batting: SHB Derick Mohon 0-0: Called Strike
0-1: Ball
1-1: Ball
2-1: Called Strike
2-2: Strikes out looking
Batting: RHB Herb Littlefield 0-0: Called Strike
0-1: Swinging Strike
0-2: Strikes out swinging
Batting: RHB J.C. Ortiz 0-0: Ball
1-0: SINGLE (Line Drive, 89S, EV 90.0 MPH)
Zacarias Lozano to second
Runner from 2nd tries for 3rd, SAFE, throw by RF made to third
Batting: LHB Bernardo García 0-0: Ball
1-0: Foul Ball, location: 7LSF
1-1: Ball
2-1: Swinging Strike
2-2: Ground out 4-3 (Groundball, 34, EV 83.1 MPH)
Top of the 6th over - 0 runs, 1 hit, 0 errors, 2 left on base; Rome 0 - Lexington 7
BOTTOM OF THE 6TH
Lexington Legends batting - Pitching for Rome Braves : RHP Kit McFadden
Batting: RHB Mark Krone 0-0: Called Strike
0-1: Ball
1-1: Ball
2-1: Ball
3-1: Base on Balls
Batting: RHB Gilbert Williams 0-0: Called Strike
0-1: Ball
1-1: Called Strike
1-2: Strikes out swinging
Batting: RHB Adriel Belanger 0-0: Foul Ball, location: 2F
0-1: Ball
1-1: SINGLE (Line Drive, 4MD, EV 105.6 MPH)
Mark Krone to second
Batting: RHB Matthew Kowski 0-0: Foul Ball, location: 9LMF
0-1: Called Strike
0-2: Ball
1-2: Ground out 5-3 (Groundball, 56S, EV 73.1 MPH)
Mark Krone to third
Adriel Belanger to second
Batting: RHB Tucker Catalano 0-0: Ball
1-0: Fly out, F8 (Flyball, 8LD, EV 91.9 MPH)
Bottom of the 6th over - 0 runs, 1 hit, 0 errors, 2 left on base; Rome 0 - Lexington 7
TOP OF THE 7TH
Rome Braves batting - Pitching for Lexington Legends : RHP Andreas Klement
Pinch Hitting: RHB Yainer Baez 0-0: Called Strike
0-1: Swinging Strike
0-2: Strikes out looking
Batting: RHB Leo Montejano 0-0: Called Strike
0-1: SINGLE (Groundball, 4MD, EV 106.3 MPH)
Pitching: RHP Terry Langbein
Batting: RHB Evan Dawson 0-0: Called Strike
0-1: Ball
1-1: Ball
2-1: Foul Ball, location: 2F
2-2: Foul Ball, location: 7LMF
2-2: Strikes out swinging
Batting: RHB Roberto Zambrano 0-0: Fielders Choice at 2nd, 5-4 (Groundball, 56, EV 91.9 MPH)
Top of the 7th over - 0 runs, 1 hit, 0 errors, 1 left on base; Rome 0 - Lexington 7
BOTTOM OF THE 7TH
Lexington Legends batting - Pitching for Rome Braves : RHP Kit McFadden
Now at 3B: Yainer Baez
Batting: LHB Adley Greenburg 0-0: Called Strike
0-1: Fly out, F7 (Flyball, 7, EV 84.4 MPH)
Batting: LHB Dolfos Solis 0-0: Ball
1-0: SINGLE (Line Drive, 34D, EV 108.8 MPH)
Batting: RHB Kyle Naatz 0-0: Ball
1-0: Swinging Strike
1-1: Foul Ball, location: 3SF
1-2: Ball
2-2: SINGLE (Groundball, 56D, EV 97.5 MPH)
Dolfos Solis to second
Batting: RHB Jeb Holloway 0-0: Ball
Passed Ball!
Dolfos Solis to third
Kyle Naatz to second
1-0: Ball
2-0: Ball
3-0: Called Strike
3-1: Base on Balls
Batting: RHB Mark Krone 0-0: Foul Ball, location: 5DF
0-1: Ball
1-1: GRAND SLAM HOME RUN (Flyball, 7LD, EV 97.5 MPH), Distance : 342 ft
Batting: RHB Gilbert Williams 0-0: Ball
1-0: Ball
2-0: Foul Ball, location: 5FF
2-1: Swinging Strike
2-2: Foul Ball, location: 2F
2-2: Hit by Pitch
Pitching: RHP Luke Ash
Pinch Hitting: RHB Alonso Sanchez 0-0: Ball
1-0: Called Strike
1-1: Called Strike
1-2: Ball
2-2: Foul Ball, location: 9LMF
2-2: SINGLE (Line Drive, 56D, EV 96.3 MPH)
Gilbert Williams to second
Batting: RHB Matthew Kowski 0-0: Ball
1-0: Ball
Wild Pitch!
Gilbert Williams to third
Alonso Sanchez to second
2-0: Ball
3-0: Base on Balls
Batting: RHB Tucker Catalano 0-0: Called Strike
0-1: Foul Ball, location: 2F
0-2: Ball
1-2: Single, Error in OF, E9, batter to second base (Line Drive, 4D, EV 95.6 MPH)
Gilbert Williams scores
Alonso Sanchez scores
Matthew Kowski to third
Batting: LHB Adley Greenburg 0-0: Ball
1-0: Called Strike
1-1: Foul Ball, location: 2F
1-2: Ball
2-2: Foul Ball, location: 2F
2-2: Foul Ball, location: 7LMF
2-2: 3-RUN HOME RUN (Flyball, 78XD, EV 111.9 MPH), Distance : 413 ft
Pitching: RHP Ronald Rashad
Batting: LHB Dolfos Solis 0-0: Foul Ball, location: 7LMF
0-1: Ball
1-1: Ground out 6-3 (Groundball, 6, EV 80.6 MPH)
Batting: RHB Kyle Naatz 0-0: Fly out, F8 (Flyball, 8RS, EV 92.5 MPH)
Bottom of the 7th over - 9 runs, 6 hits, 1 error, 0 left on base; Rome 0 - Lexington 16
TOP OF THE 8TH
Rome Braves batting - Pitching for Lexington Legends : RHP Terry Langbein
Now at 1B: Alonso Sanchez
Batting: RHB Zacarias Lozano 0-0: Called Strike
0-1: Ball
1-1: Ball
2-1: Called Strike
2-2: Ball
3-2: Foul Ball, location: 2LF
3-2: Strikes out swinging
Batting: SHB Derick Mohon 0-0: Ball
1-0: Called Strike
1-1: Swinging Strike
1-2: Strikes out swinging
Pinch Hitting: LHB Timmy Tso 0-0: Fly out, F9 (Flyball, 9, EV 93.8 MPH)
Top of the 8th over - 0 runs, 0 hits, 0 errors, 0 left on base; Rome 0 - Lexington 16
BOTTOM OF THE 8TH
Lexington Legends batting - Pitching for Rome Braves : RHP Ronald Rashad
Now at 1B: Timmy Tso
Batting: RHB Jeb Holloway 0-0: Ball
1-0: Called Strike
1-1: Called Strike
1-2: Strikes out looking
Batting: RHB Mark Krone 0-0: Ball
1-0: Ground out 6-3 (Groundball, 6, EV 98.8 MPH)
Batting: RHB Gilbert Williams 0-0: Ball
1-0: Ground out 6-3 (Groundball, 6, EV 84.4 MPH)
Bottom of the 8th over - 0 runs, 0 hits, 0 errors, 0 left on base; Rome 0 - Lexington 16
TOP OF THE 9TH
Rome Braves batting - Pitching for Lexington Legends : RHP Terry Langbein
Batting: RHB J.C. Ortiz 0-0: Called Strike
0-1: Called Strike
0-2: Ball
1-2: Strikes out looking
Batting: LHB Bernardo García 0-0: Ball
1-0: Called Strike
1-1: Ground out U3 (Groundball, 34S, EV 60.6 MPH)
Batting: RHB Yainer Baez 0-0: Ball
1-0: Fly out, F8 (Line Drive, 8RD, EV 87.5 MPH)
Top of the 9th over - 0 runs, 0 hits, 0 errors, 0 left on base; Rome 0 - Lexington 16
Tuesday, January 14th , 2025 - OOTP Baseball 25.11 Build 101